 Dungeon Crawl Stone Soup version 0.29.0-4-gdea44cf6ec (webtiles) character file.

Game seed: 10375191967397360696

207 qw the Chopper (level 5, -2/30 HPs)
             Began as a Tengu Warper on Aug 28, 2022.
             Slain by Edmund
             ... wielding a +2 dire flail of holy wrath
              (10 damage)
             ... on level 4 of the Dungeon.
             The game lasted 00:00:21 (3615 turns).

qw the Chopper (Tengu Warper)                       Turns: 3615, Time: 00:00:21

Health: -2/30      AC: 13    Str: 13    XL:     5   Next: 85%
Magic:  9/9        EV:  4    Int: 14    God:
Gold:   157        SH:  0    Dex: 13    Spells: 8/8 levels left

rFire   . . .      SeeInvis .   Y - +0 war axe
rCold   . . .      Faith    .   (no shield)
rNeg    . . .      Spirit   .   d - +2 plate armour
rPois   .          Reflect  .   (helmet restricted)
rElec   .          Harm     .   (no cloak)
rCorr   .          Rampage  .   (no gloves)
Will    .....                   (boots unavailable)
Stlth   ..........              a - amulet of regeneration
HPRegen 0.90/turn               (no ring)
MPRegen 0.11/turn               (no ring)

@: flying quickly and evasively, quick
A: beak, talons 3, nimble flight
a: no special abilities


You were on level 4 of the Dungeon.
You visited 1 branch of the dungeon, and saw 4 of its levels.

You collected 157 gold pieces.


Innate Abilities, Weirdness & Mutations

You have a beak for a mouth.
You have claws for feet.
Your magical nature lets you fly swiftly and evasively.


   Skills:
 - Level 2.0 Fighting
 + Level 6.1 Axes
 - Level 1.0 Throwing
 - Level 2.3 Armour
 - Level 2.1 Dodging
 - Level 2.0 Spellcasting
 - Level 2.4 Translocations


You had 8 spell levels left.
You didn't know any spells.
Your spell library contained the following spells:

 Spells                   Type           Power      Damage    Failure   Level
 Blink                    Tloc           16%        N/A       100%        2
 Gell's Gravitas          Tloc           8%         N/A       100%        3
 Lesser Beckoning         Tloc           8%         N/A       100%        3
 Teleport Other           Tloc           8%         N/A       100%        3
 Manifold Assault         Tloc           8%         N/A       100%        5

Inventory:

Hand Weapons
 f - a +0 flail
 Y - a +0 war axe (weapon)
Armour
 d - a +2 plate armour (worn)
Jewellery
 a - an amulet of regeneration (around neck)
Scrolls
 g - a scroll of acquirement {unknown}
 i - a scroll of fear {unknown}
Potions
 b - 2 potions of curing
 c - a potion of might {unknown}
 e - a potion of cancellation
 h - a potion of haste {unknown}

Dungeon Overview and Level Annotations

Branches:
Dungeon (4/15)
 Temple: D:4-7

Altars:

Annotations:
D:4 Edmund


Message History

You reach down and open the door.
Found a long sword.
You hear the rusting of a very distant drain.
i - a scroll labelled OSAEVE NOX KAT
Enter note:
j - a scroll of enchant armour
Enter note:
3604 ||| READING scroll of enchant armour.
As you read the scroll of enchant armour, it crumbles to dust.
Your +1 plate armour glows green for a moment.
3604 ||| ENCHANTING +1 plate armour.
Edmund the Younger comes into view.
He is wielding a +2 dire flail of holy wrath.
Edmund shouts!
You hear a bark!
You closely miss Edmund. You claw Edmund.
Edmund is lightly wounded.
You hear the brisk rusting of a very distant drain.
Edmund hits you with a +2 dire flail of holy wrath.
You closely miss Edmund. You claw Edmund. You peck Edmund.
Edmund is moderately wounded.
Edmund hits you with a +2 dire flail of holy wrath.
You hit Edmund. Your kick misses Edmund.
Edmund is moderately wounded.
Edmund hits you with a +2 dire flail of holy wrath.
You slash Edmund! You claw Edmund.
Edmund is heavily wounded.
Edmund hits you with a +2 dire flail of holy wrath!
You slash Edmund!
Edmund is severely wounded.
Edmund barely misses you. Edmund hits you but does no damage.
You hit Edmund. Your peck misses Edmund.
Edmund is almost dead.
Edmund says, "People will remember me!
They'll remember me and die!"
Edmund hits you with a +2 dire flail of holy wrath.
You barely miss Edmund.
Edmund is almost dead.
Edmund hits you but does no damage.
You barely miss Edmund. Your kick misses Edmund.
Edmund is almost dead.
Edmund hits you with a +2 dire flail of holy wrath!
You die...

#.##<#.#.#
#.#
##.####.#.#
## #.#
#.......#.#
.. #.#
#########.#
.# #.#
#...#.. ###
#.###.
#.#$. #.#@#
#.#@# #.#.#
#.#.###.###
#.#........
#.......###
#########


You could see Edmund.

Vanquished Creatures
  A jelly (D:4)
  Ijyb (D:3)
  6 adders
  A white imp (D:4)
  3 ufetubi (D:4)
  2 worms
  A dart slug (D:2)
  3 orcs
  6 ball pythons
  4 endoplasms
  3 giant cockroaches
  5 hobgoblins
  3 quokkas
  7 bats
  2 frilled lizards (D:2)
  5 goblins
  8 kobolds
  4 rats
65 creatures vanquished.

Vanquished Creatures (others)
  2 demonic plants (D:4)
2 creatures vanquished.

Grand Total: 67 creatures vanquished

Notes
Turn   | Place    | Note
-------+----------+-------------------------------------------
     0 | D:1      | qw the Tengu Warper began the quest for the Orb.
     0 | D:1      | Reached XP level 1. HP: 12/12 MP: 4/4
     0 | D:1      | 0 ||| qw: Version: 0.1-a-89-g26bdef1
     0 | D:1      | 0 ||| qw: Game counter: 1287
     0 | D:1      | 0 ||| qw: Always use a shield: true
     0 | D:1      | 0 ||| qw: God list: Okawaru
     0 | D:1      | 0 ||| qw: Allow faded altars: false
     0 | D:1      | 0 ||| qw: Do Orc after D:15 true
     0 | D:1      | 0 ||| qw: Do second Lair branch before Depths: true
     0 | D:1      | 0 ||| qw: Lair rune preference: random
     0 | D:1      | 0 ||| qw: Plans: Normal
     0 | D:1      | 0 ||| PLANNING D:1-11
   148 | D:1      | 148 ||| Stepping ~*~*~tactically~*~*~ (stealth).
   166 | D:1      | 166 ||| Stepping ~*~*~tactically~*~*~ (stealth).
   169 | D:1      | 169 ||| Stepping ~*~*~tactically~*~*~ (stealth).
   180 | D:1      | Reached XP level 2. HP: 16/17 MP: 6/6
   181 | D:1      | Reached skill level 3 in Axes
  1041 | D:1      | 1041 ||| READING scroll labelled OPTIENKISU.
  1042 | D:1      | 1042 ||| READING scroll labelled TAGIOP LUOCKE.
  1043 | D:1      | 1043 ||| READING 2 scrolls labelled FYAFRA GAAPTOTIYSE.
  1044 | D:1      | 1044 ||| READING scroll labelled NARIUK TEGOGOU.
  1045 | D:1      | 1045 ||| READING scroll labelled TUOG ONGEUJA.
  1046 | D:1      | 1046 ||| DRINKING 2 bubbling inky potions.
  1047 | D:1      | 1047 ||| DROPPING scroll of blinking.
  1048 | D:1      | 1048 ||| DROPPING scroll of immolation.
  1264 | D:2      | 1264 ||| Stepping ~*~*~tactically~*~*~ (hiding).
  1271 | D:2      | Reached XP level 3. HP: 21/21 MP: 7/7
  1391 | D:2      | Reached skill level 4 in Axes
  1958 | D:2      | 1958 ||| DROPPING +0 whip.
  1968 | D:2      | 1968 ||| Stepping ~*~*~tactically~*~*~ (stealth).
  1989 | D:2      | 1989 ||| Stepping ~*~*~tactically~*~*~ (stealth).
  2004 | D:2      | 2004 ||| Stepping ~*~*~tactically~*~*~ (stealth).
  2109 | D:2      | Reached XP level 4. HP: 17/26 MP: 8/8
  2434 | D:2      | 2434 ||| UPGRADING to +0 plate armour.
  2444 | D:2      | 2444 ||| DROPPING +0 leather armour.
  2445 | D:2      | 2445 ||| UPGRADING to amulet of regeneration.
  2467 | D:3      | Noticed Ijyb
  2470 | D:3      | 2470 ||| STAIRDANCE
  2494 | D:3      | Killed Ijyb
  2515 | D:3      | 2515 ||| SWAPPING to +0 war axe.
  2516 | D:3      | 2516 ||| DROPPING +0 hand axe.
  2769 | D:3      | 2769 ||| FLEEEEING.
  2770 | D:3      | 2770 ||| FLEEEEING.
  2771 | D:3      | 2771 ||| FLEEEEING.
  2772 | D:3      | 2772 ||| FLEEEEING.
  2775 | D:3      | 2775 ||| FLEEEEING.
  2776 | D:3      | 2776 ||| FLEEEEING.
  2777 | D:3      | 2777 ||| FLEEEEING.
  2783 | D:3      | 2783 ||| FLEEEEING.
  2784 | D:3      | 2784 ||| FLEEEEING.
  2785 | D:3      | 2785 ||| FLEEEEING.
  2786 | D:3      | 2786 ||| FLEEEEING.
  2787 | D:3      | 2787 ||| FLEEEEING.
  2788 | D:3      | 2788 ||| FLEEEEING.
  2795 | D:3      | 2795 ||| FLEEEEING.
  2796 | D:3      | 2796 ||| FLEEEEING.
  2797 | D:3      | 2797 ||| FLEEEEING.
  2798 | D:3      | 2798 ||| FLEEEEING.
  2800 | D:3      | 2800 ||| FLEEEEING.
  2802 | D:3      | 2802 ||| FLEEEEING.
  2803 | D:3      | 2803 ||| FLEEEEING.
  2804 | D:3      | 2804 ||| FLEEEEING.
  2805 | D:3      | 2805 ||| FLEEEEING.
  2806 | D:3      | 2806 ||| FLEEEEING.
  2807 | D:3      | 2807 ||| FLEEEEING.
  2808 | D:3      | 2808 ||| FLEEEEING.
  2809 | D:3      | 2809 ||| STAIRDANCE
  2836 | D:2      | 2836 ||| READING scroll labelled DEN DAVIOTEYLY.
  3009 | D:3      | Reached skill level 5 in Axes
  3009 | D:3      | Gained mutation: Your magical nature lets you fly swiftly
                  | and evasively. [Tengu growth]
  3009 | D:3      | Reached XP level 5. HP: 29/30 MP: 9/9
  3032 | D:3      | 3032 ||| Stepping ~*~*~tactically~*~*~ (hiding).
  3265 | D:3      | 3265 ||| DRINKING 2 purple potions.
  3266 | D:3      | 3266 ||| DRINKING 2 metallic coppery potions.
  3267 | D:3      | 3267 ||| DROPPING potion of flight.
  3268 | D:3      | 3268 ||| DROPPING potion of attraction.
  3293 | D:4      | 3293 ||| PLANNING SEWER
  3327 | D:4      | 3327 ||| Stepping ~*~*~tactically~*~*~ (stealth).
  3428 | D:4      | 3428 ||| READING scroll of enchant armour.
  3428 | D:4      | 3428 ||| ENCHANTING +0 plate armour.
  3472 | D:4      | 3472 ||| Stepping ~*~*~tactically~*~*~ (stealth).
  3533 | D:4      | Reached skill level 6 in Axes
  3604 | D:4      | 3604 ||| READING scroll of enchant armour.
  3604 | D:4      | 3604 ||| ENCHANTING +1 plate armour.
  3605 | D:4      | Noticed Edmund
  3613 | D:4      | HP: 6/30 [Edmund/+2 dire flail of holy wrath (4)]
  3615 | D:4      | Slain by Edmund

Levels and vault maps discovered:
D:1:      giann_wishing_wells, layout_loops_ring
D:2:      layout_loops_corners
D:3:      layout_basic, uniq_ijyb
D:4:      layout_basic, marbit_many_paths, nzn_wu_jian_contemplation,
          lightli_sewer_entry_pipes, serial_demonic, serial_demonic_d,
          serial_demonic_c, serial_demonic_b, serial_demonic_g, uniq_edmund

Skill      XL: |  1  2  3  4  5 |
---------------+----------------+-----
Axes           | 3 4 5 6 |  6.1
Armour         | 2 |  2.3
Fighting       | |  2.0
Throwing       | |  1.0
Dodging        | |  2.1
Spellcasting   | |  2.0
Translocations | |  2.4

Action                   |  1- 3 |  4- 6 || total
-------------------------+-------+-------++-------
Melee: Hand axe          |    85 |    30 ||   115
       Peck              |    16 |    20 ||    36
       Kick              |    14 |    42 ||    56
       Punch             |     1 |     1 ||     2
       War axe           |       |    87 ||    87
Throw: Boomerang         |     7 |       ||     7
  Use: Scroll            |     5 |     3 ||     8
       Potion            |     1 |     2 ||     3
Armor: Leather armour    |    21 |     1 ||    22
       Plate armour      |       |   110 ||   110
Dodge: Dodged            |    33 |    35 ||    68

Table legend:
 A = Non-vault XP
 B = Vault XP
 C = Vault XP percentage of total XP
 D = Non-vault monster count
 E = Vault monster count
 F = Vault count percentage of total count
                 A         B        C        D         E       F
            +---------+---------+-------+---------+---------+-------
      Total |     224 |      72 |  24.3 |      60 |       5 |   7.7
            +---------+---------+-------+---------+---------+-------
        D:1 |      26 |       0 |   0.0 |      16 |       0 |   0.0
        D:2 |      61 |       0 |   0.0 |      19 |       0 |   0.0
        D:3 |      68 |      38 |  35.8 |      17 |       1 |   5.6
        D:4 |      69 |      34 |  33.0 |       8 |       4 |  33.3
            +---------+---------+-------+---------+---------+-------
